 Dungeon Crawl Stone Soup version 0.32-a0-571-gec57dfcd37 (webtiles) character file.

Game seed: 17822698459712581117

4 BeKind the Trooper (level 1, -2/24 HPs)
             Began as an Oni Fighter on Mar 1, 2024.
             Frozen to death by an endoplasm (3 damage)
             ... on level 1 of the Dungeon.
             The game lasted 00:00:16 (30 turns).

BeKind the Trooper (Oni Fighter)                      Turns: 30, Time: 00:00:17

Health: -2/24      AC:  3    Str: 19    XL:     1   Next: 60%
Magic:  1/1        EV:  8    Int:  9    God:
Gold:   0          SH:  7    Dex:  8    Spells: 0/0 levels left

rFire   . . .        a - +0 flail
rCold   . . .        c - +0 kite shield
rNeg    . . .        b - +0 robe
rPois   .            (helmet restricted)
rElec   .            (no cloak)
rCorr   .            (gloves unavailable)
SInv    .            (boots unavailable)
Will    .....        (no amulet)
Stlth   +            (no ring)
HPRegen 0.24/turn    (no ring)
MPRegen 0.07/turn

%: no passive effects
@: no status effects
A: large, unfitting armour, horns 1, tough skin 1, double potion healing,
drunken brawling
a: no special abilities


You were on level 1 of the Dungeon.
You visited 1 branch of the dungeon, and saw 1 of its levels.

Inventory:

Hand Weapons
 a - a +0 flail (weapon)
Armour
 b - a +0 robe (worn)
 c - a +0 kite shield (worn)
Potions
 d - a potion of might


   Skills:
 + Level 4.1 Fighting
 + Level 2.1 Maces & Flails
 + Level 2.7 Dodging
 + Level 2.7 Shields


You couldn't memorise any spells.
You didn't know any spells.
Your spell library was empty.

Dungeon Overview and Level Annotations

Branches:
Dungeon (1/15)

Altars:


Innate Abilities, Weirdness & Mutations

You are too large for most types of armour.
You have a pair of small horns on your head.
You have tough skin. (AC +1)
You gain doubled healing and magic from potions.
Whenever you drink a healing potion, you attack all around you.


Message History

You are too injured to fight recklessly!
You are too injured to fight recklessly!
You hit the goblin.
You kill the goblin!
The kobold barely misses you. You block the hobgoblin's attack.
You block the endoplasm's attack.
You closely miss the kobold. Your headbutt misses the kobold.
The hobgoblin hits you but does no damage.
The kobold barely misses you. The endoplasm closely misses you.
The hobgoblin misses you. The endoplasm freezes you.
You are frozen.
The kobold hits you with a +0 short sword.
* * * LOW HITPOINT WARNING * * *
You hit the kobold.
You kill the kobold!
The hobgoblin hits you but does no damage.
The endoplasm barely misses you.
You completely miss the hobgoblin. The hobgoblin barely misses you.
You block the endoplasm's attack. The endoplasm closely misses you.
You block the hobgoblin's attack.
You hit the hobgoblin but do no damage. You headbutt the hobgoblin.
The hobgoblin is moderately wounded.
The hobgoblin hits you.
* * * LOW HITPOINT WARNING * * *
You block the endoplasm's attack.
You hit the hobgoblin but do no damage.
The hobgoblin is moderately wounded.
You block the hobgoblin's attack. The endoplasm freezes you.
You are frozen.
* * * LOW HITPOINT WARNING * * *
You sock the hobgoblin!
You kill the hobgoblin!
The endoplasm freezes you.
You are frozen.
* * * LOW HITPOINT WARNING * * *
The endoplasm freezes you.
You are frozen.
You die...

. ##########
.. #........#
..?#........#
...$........#
............#
.......J....#
......†)@...#
.......).)..#
............#
............#
.........[..#
..........###
.........##
.#.....##


You could see an endoplasm.

Vanquished Creatures
  A goblin (D:1)
  2 hobgoblins (D:1)
  2 kobolds (D:1)
5 creatures vanquished.

Notes
Turn   | Place    | Note
-------+----------+-------------------------------------------
     0 | D:1      | BeKind the Oni Fighter began the quest for the Orb.
     0 | D:1      | Reached XP level 1. HP: 24/24 MP: 1/1
    30 | D:1      | HP: 1/24 [frozen (4)]
    30 | D:1      | Frozen to death by an endoplasm

Illustrated notes

Levels and vault maps discovered:
D:1:      dpeg_arrival_more_subterranean_lakeside_camping, layout_rooms,
          serial_shops, nicolae_shop_peninsula, serial_park_tiny_1

Action                     || total
---------------------------++-------
  Melee: Flail             ||    15
         Headbutt          ||     2
 Armour: Robe              ||    13
  Dodge: Dodged            ||     9
  Block: Kite shield       ||    12

Table legend: (Time is in decaauts)
 A = Elapsed time spent in this place.
 B = Non-inter-level travel time spent in this place.
 C = Inter-level travel time spent in this place.
 D = Time resting spent in this place.
 E = Time spent auto-exploring this place.
 F = Levels seen in this place.
 G = Mean time per level.
                   A        B        C        D        E       F      G
               +--------+--------+--------+--------+--------+-----+--------+
         Total |     35 |     35 |      0 |      0 |     14 |   1 |   35.0 |
       Dungeon |     35 |     35 |      0 |      0 |     14 |   1 |   35.0 |
               +--------+--------+--------+--------+--------+-----+--------+

Top non-repeatable levels by time:
     D:1: 35 daAuts
